[Event "Team 45 45 League T51"]
[Site "Internet Chess Club"]
[Date "2011.11.20"]
[Round "2"]
[White "chicopee-ed"]
[Black "mrmarck"]
[Result "1-0"]
[WhiteElo "1373"]
[BlackElo "1308"]
[Opening "Queen's pawn game, Chigorin variation"]
[ECO "D02"]
[Time "10:04:57"]
[TimeControl "2700+45"]

1. d4 d5 2. Nf3 Nc6 3. e3 Bg4 4. Be2 Nf6 5. Nbd2 e6 6. h3 Bh5 7. a3 Be7 8. b3
O-O 9. Bb2 a6 10. Ne5 Bxe2 11. Qxe2 Ne4 12. O-O f6 13. Nxc6 bxc6 14. Nxe4 dxe4
15. f3 exf3 16. Rxf3 c5 17. dxc5 Bxc5 18. Qc4 Qe7 19. Bd4 Bxd4 20. exd4 Kh8 21.
Re3 Rfe8 22. a4 a5 23. Rae1 Qd7 24. Rxe6 Re7 {Black resigns} 1-0

[Event "Team 45 45 League T51"]
[Site "Internet Chess Club"]
[Date "2011.11.20"]
[Round "2"]
[White "jjaillet2007"]
[Black "Check101"]
[Result "1-0"]
[WhiteElo "1352"]
[BlackElo "1295"]
[Opening "King's Indian defense, 3.Nc3"]
[ECO "E90"]
[Time "14:17:10"]
[TimeControl "2700+45"]

1. d4 Nf6 2. c4 g6 3. Nc3 Bg7 4. Nf3 O-O 5. e4 d6 6. Bd3 c5 7. d5 Na6 8. a3 Nc7
9. O-O a6 10. Re1 Bd7 11. e5 Nfe8 12. exd6 exd6 13. Bg5 Nf6 14. Ne4 Bf5 15. b4
h6 16. Nxf6+ Bxf6 17. Bxf6 Qxf6 18. Bxf5 Qxf5 19. bxc5 dxc5 20. d6 Rad8 21. Re5
Qf6 22. Rxc5 Rxd6 23. Qc1 Ne6 24. Rd5 Nf4 25. Rxd6 Qxd6 26. Qd1 Qf6 27. Rb1 Rd8
28. Qc2 Qd6 29. g3 Nd3 30. Qc3 Qc5 31. Rf1 b5 32. Nd2 Rd4 33. Nb3 Rxc4 34. Qxd3
Rc3 35. Qd8+ Kg7 36. Nxc5 Rxc5 37. Qd4+ {Black resigns} 1-0

[Event "Team 45 45 League T51"]
[Site "Internet Chess Club"]
[Date "2011.11.20"]
[Round "2"]
[White "Aquaman"]
[Black "BosqueVerde"]
[Result "0-1"]
[WhiteElo "1240"]
[BlackElo "1247"]
[Opening "Réti: King's Indian attack"]
[ECO "A08"]
[Time "15:00:59"]
[TimeControl "2700+45"]

1. Nf3 d5 2. g3 c5 3. Bg2 Nc6 4. d3 Nf6 5. Nbd2 Bg4 6. O-O e5 7. h3 Be6 8. e4
dxe4 9. dxe4 Bd6 10. b3 Qd7 11. Ng5 O-O 12. Nxe6 Qxe6 13. Re1 Rad8 14. Qe2 Nd4
15. Qd1 b5 16. c3 Nc6 17. Qc2 a6 18. Nf3 h6 19. Nh4 Ne7 20. Nf3 Ng6 21. Bd2 Be7
22. Rad1 Rd7 23. Kh2 Rfd8 24. Ng1 Nh5 25. Ne2 a5 26. g4 Nf6 27. f3 Nh4 28. Bh1
Rd3 29. Ng1 c4 30. Re2 Bc5 31. Qc1 Bxg1+ 32. Kxg1 Nxf3+ 33. Bxf3 Rxf3 34. Rh2
Rdd3 35. Kg2 Rg3+ 36. Kf2 Qb6+ 37. Ke2 Rxh3 38. Rxh3 Rxh3 39. Rg1 Rh2+ {White
resigns} 0-1

[Event "Team 45 45 League T51"]
[Site "Internet Chess Club"]
[Date "2011.11.20"]
[Round "2"]
[White "WannaB"]
[Black "Docvan"]
[Result "0-1"]
[WhiteElo "1083"]
[BlackElo "1221"]
[Opening "French defense"]
[ECO "C00"]
[Time "20:02:55"]
[TimeControl "2700+45"]

1. e4 e6 2. Nf3 d5 3. d3 c5 4. exd5 exd5 5. Nc3 Nf6 6. Qe2+ Be7 7. d4 O-O 8.
dxc5 Bxc5 9. Na4 Re8 10. Be3 Qa5+ 11. Nc3 Ne4 12. O-O-O Nxc3 13. bxc3 Ba3+ 14.
Kd2 Rd8 15. Nd4 Nc6 16. Nb5 Bb2 17. Qd3 a6 18. Nd4 Ne5 19. Nb3 Qc7 20. Qe2 Qxc3#
{White checkmated} 0-1

[Event "Team 45 45 League T51"]
[Site "Internet Chess Club"]
[Date "2011.11.20"]
[Round "2"]
[White "Ivio"]
[Black "LazyPeon"]
[Result "0-1"]
[WhiteElo "1735"]
[BlackElo "1734"]
[Opening "Sicilian: Pin, Jaffe variation"]
[ECO "A46"]
[Time "13:00:23"]
[TimeControl "2700+45"]

1. d4 Nf6 2. Nf3 e6 3. Nc3 c5 4. e4 cxd4 5. Nxd4 Bb4 6. Bd3 e5 7. Nf5 O-O 8. Bd2
Nc6 9. a3 Bxc3 10. Bxc3 d5 11. exd5 Qxd5 12. O-O e4 13. Ne3 Qg5 14. Bxf6 Qxf6
15. Bxe4 Qxb2 16. Qh5 h6 17. Ng4 Bxg4 18. Qxg4 Qc3 19. Rab1 Rab8 20. Rb3 Qc5 21.
Rd1 f5 22. Qh5 Qe5 23. Bd5+ Kh8 24. Re3 Qc7 25. Rde1 f4 26. Re8 Qd6 27. R8e6 Qd7
28. c4 Nd4 29. Qe5 Nxe6 30. Bxe6 Qc6 31. Bd5 Qf6 32. Qh5 Qf5 33. Qf3 Rfe8 34.
Rf1 Rbd8 35. h3 b5 36. Qb3 bxc4 37. Bxc4 Rb8 38. Qa2 Rb6 39. f3 Qe5 40. Bd5 Rb2
41. Qc4 Qe2 42. Qxe2 Rexe2 43. Rc1 Rxg2+ 44. Kf1 Rbf2+ 45. Ke1 Rc2 46. Rxc2 Rxc2
47. a4 a5 48. Kf1 g5 49. Kg1 Kg7 50. Be6 Kf6 51. Bd7 Ke5 52. Kf1 Kd4 53. Be6 Ke3
54. Bd5 Rf2+ 55. Kg1 Rxf3 56. Bxf3 Kxf3 57. Kf1 Kg3 58. Kg1 Kxh3 59. Kf2 g4 60.
Kg1 Kg3 61. Kh1 Kf2 62. Kh2 f3 63. Kh1 Ke1 64. Kg1 f2+ 65. Kh2 {White resigns}
0-1

[Event "Team 45 45 League T51"]
[Site "Internet Chess Club"]
[Date "2011.11.20"]
[Round "2"]
[White "ticopatzer"]
[Black "Salvatore"]
[Result "1-0"]
[WhiteElo "1684"]
[BlackElo "1513"]
[Opening "Sicilian defense"]
[ECO "B30"]
[Time "14:14:29"]
[TimeControl "2700+45"]

1. e4 c5 2. Nf3 Nc6 3. c3 a6 4. d4 cxd4 5. cxd4 e6 6. Be2 Nf6 7. e5 Nd5 8. O-O
Be7 9. Nc3 O-O 10. Nxd5 exd5 11. Bf4 d6 12. Qc2 g6 13. a3 f5 14. Qb3 dxe5 15.
Bxe5 Nxe5 16. dxe5 b5 17. Rad1 Be6 18. Nd4 Bf7 19. Bf3 Rc8 20. e6 Be8 21. Bxd5
Qb6 22. Rfe1 a5 23. Nf3 a4 24. Qd3 b4 25. Ne5 Bb5 26. Nd7 Qa6 27. Qd4 bxa3 28.
bxa3 Rfd8 29. Nf6+ Kg7 30. Nh5+ Kh6 31. Qg7+ Kxh5 32. Bf3+ Kg5 33. h4+ {Black
resigns} 1-0

[Event "Team 45 45 League T51"]
[Site "Internet Chess Club"]
[Date "2011.11.22"]
[Round "2"]
[White "krysto"]
[Black "vigneshv"]
[Result "1-0"]
[WhiteElo "1591"]
[BlackElo "1567"]
[Opening "QGD: exchange, positional line"]
[ECO "D35"]
[Time "21:03:57"]
[TimeControl "2700+45"]

1. d4 e6 2. c4 d5 3. Nc3 Nf6 4. cxd5 exd5 5. Bg5 Be7 6. e3 c6 7. Qc2 Be6 8. Nf3
Nbd7 9. Bd3 h6 10. Bh4 Qc7 11. Bg3 Bd6 12. Bxd6 Qxd6 13. a3 g5 14. h3 O-O-O 15.
Qa4 Qb8 16. Rc1 Nb6 17. Qc2 a6 18. Ne5 Nbd7 19. Nf3 Rdg8 20. b4 h5 21. b5 g4 22.
bxc6 bxc6 23. Nd2 gxh3 24. gxh3 Qa7 25. Na4 Nb8 26. Nc5 Nfd7 27. Ndb3 Kd8 28.
Bf5 Rh6 29. Ke2 Rg5 30. Bxe6 fxe6 31. Rhg1 Rxg1 32. Rxg1 Ke7 33. Nxd7 Nxd7 34.
Nc5 Rh7 35. Qxh7+ {Black resigns} 1-0

[Event "Team 45 45 League T51"]
[Site "Internet Chess Club"]
[Date "2011.11.19"]
[Round "2"]
[White "realchess"]
[Black "Berke"]
[Result "1-0"]
[WhiteElo "1836"]
[BlackElo "1589"]
[Opening "Alekhine's defense: exchange variation"]
[ECO "B03"]
[Time "18:00:18"]
[TimeControl "2700+45"]

1. e4 Nf6 2. e5 Nd5 3. d4 d6 4. c4 Nb6 5. exd6 exd6 6. Nf3 Be7 7. Be3 O-O 8. Be2
Bf5 9. O-O Nc6 10. a3 Bf6 11. Nc3 Ne7 12. Rc1 Rc8 13. b4 c5 14. dxc5 dxc5 15.
Bxc5 Qxd1 16. Rfxd1 Bxc3 17. Rxc3 Rfe8 18. Nd4 Bg6 19. Nb5 Na4 20. Re3 Nxc5 21.
Nd6 Rcd8 22. bxc5 Kf8 23. Nxe8 Rxe8 24. Rd7 b6 25. Rxa7 bxc5 26. h3 Nc6 27.
Rxe8+ Kxe8 28. Rc7 Nd4 29. Kf1 Ne6 30. Rb7 Be4 31. Rb5 Ke7 32. a4 Kd6 33. a5 Bc6
34. Rb8 Kc7 35. Rb2 Bb7 36. Bf3 Bxf3 37. gxf3 Nd4 38. a6 Nc6 39. Rb7+ {Black
resigns} 1-0

[Event "Team 45 45 League T51"]
[Site "Internet Chess Club"]
[Date "2011.11.20"]
[Round "2"]
[White "room-matt"]
[Black "pauliewoll"]
[Result "1/2-1/2"]
[WhiteElo "1664"]
[BlackElo "1639"]
[Opening "Richter-Veresov attack"]
[ECO "D01"]
[Time "02:36:45"]
[TimeControl "2700+45"]

1. d4 Nf6 2. Nc3 d5 3. Bg5 Nbd7 4. Nf3 h6 5. Bh4 e6 6. e4 g5 7. Bg3 Nxe4 8. Nxe4
dxe4 9. Nd2 Nf6 10. c3 Bd6 11. Be5 Bxe5 12. dxe5 e3 13. fxe3 Nd5 14. Qf3 f5 15.
exf6 Qxf6 16. Qxf6 Nxf6 17. O-O-O Ng4 18. Re1 Rf8 19. e4 Bd7 20. Be2 Ne5 21.
Rhf1 Ke7 22. b3 Bc6 23. Kc2 Rxf1 24. Rxf1 Rf8 25. Rxf8 Kxf8 26. a4 Ke7 27. g3
Kd6 28. h3 a5 29. c4 Nd7 30. Kd3 Nc5+ 31. Ke3 e5 32. Kf3 Bd7 33. Kg2 Bc6 34. Kf3
Bd7 35. Bf1 Bc6 36. h4 Bd7 37. hxg5 hxg5 38. Kf2 g4 39. Be2 Be6 40. Ke3 Nd7 41.
Nf1 Kc5 42. Bd1 Kb4 43. Nh2 Nf6 44. Kd3 c6 45. Nf1 b5 46. axb5 cxb5 47. cxb5
Kxb5 48. Ne3 Kc5 49. Bc2 Kb4 50. Bd1 Bxb3 51. Bxb3 Kxb3 52. Nc4 a4 53. Na5+ Kb4
54. Nc6+ Kb3 55. Na5+ Kb2 56. Nc4+ Kc1 57. Kc3 Nxe4+ 58. Kb4 {Game drawn by
mutual agreement} 1/2-1/2

[Event "Team 45 45 League T51"]
[Site "Internet Chess Club"]
[Date "2011.11.21"]
[Round "2"]
[White "Buford-Julep"]
[Black "chrisgianno"]
[Result "1-0"]
[WhiteElo "1698"]
[BlackElo "1584"]
[Opening "Sicilian defense"]
[ECO "B27"]
[Time "15:37:13"]
[TimeControl "2700+45"]

1. e4 c5 2. Nf3 d5 3. exd5 Qxd5 4. Nc3 Qh5 5. d4 e6 6. Be2 Nf6 7. O-O cxd4 8.
Nxd4 Qh4 9. Ndb5 Na6 10. Nd6+ Bxd6 11. Qxd6 Bd7 12. Bf4 Rd8 13. Rad1 Nd5 14.
Nxd5 exd5 15. Rxd5 Qe7 16. Rfd1 f6 17. Qxe7+ Kxe7 18. Bxa6 bxa6 19. Bc7 Rc8 20.
Rxd7+ Ke6 {Black resigns} 1-0

[Event "Team 45 45 League T51"]
[Site "Internet Chess Club"]
[Date "2011.11.22"]
[Round "2"]
[White "beitmery"]
[Black "SirIvanhoe"]
[Result "1-0"]
[WhiteElo "1613"]
[BlackElo "1503"]
[Opening "English: Caro-Kann defensive system"]
[ECO "A11"]
[Time "16:06:37"]
[TimeControl "2700+45"]

1. c4 c6 2. g3 d5 3. cxd5 cxd5 4. d4 Nf6 5. Bg2 Bf5 6. Nf3 e6 7. Nh4 Be4 8. f3
Bg6 9. Nxg6 hxg6 10. Nc3 a6 11. e4 Be7 12. O-O Nc6 13. Be3 Rc8 14. Qb3 b5 15.
exd5 Na5 16. Qd1 Nxd5 17. Bd2 Nxc3 18. bxc3 Nc4 19. Re1 Nb2 20. Qc2 Nc4 21. f4
Bf6 22. Bb7 Rc7 23. Bxa6 Nd6 24. Qb3 Qb8 25. a4 O-O 26. axb5 Nf5 27. b6 Rd7 28.
Kh1 Qa8+ 29. b7 Qb8 30. Reb1 Nxd4 31. cxd4 Rxd4 32. Bc3 Rd6 33. Bxf6 gxf6 34.
Bf1 Rdd8 35. Bg2 Qc7 36. Ra8 Rb8 37. Qb2 f5 38. Rxb8 Rxb8 39. Qe5 Qd8 40. Rc1
Kh7 41. Qc7 Qd2 42. Qxf7+ Kh6 43. Qc7 Rh8 44. Qc2 Qd8 45. Qc8 Qg8 46. Qxg8
{Black resigns} 1-0

[Event "Team 45 45 League T51"]
[Site "Internet Chess Club"]
[Date "2011.11.20"]
[Round "2"]
[White "CKNIGHT3"]
[Black "bookseller"]
[Result "0-1"]
[WhiteElo "1518"]
[BlackElo "1544"]
[Opening "King's Indian: Sämisch, orthodox, 7.d5"]
[ECO "E87"]
[Time "12:03:06"]
[TimeControl "2700+45"]

1. d4 Nf6 2. c4 g6 3. Nc3 Bg7 4. e4 d6 5. f3 O-O 6. Be3 e5 7. d5 Nh5 8. Qd2 f5
9. Bh6 Qh4+ 10. g3 Nxg3 11. Bg5 Qh5 12. Nb5 Na6 13. Be2 Nxe2 14. Nxe2 f4 15. h4
h6 16. Be7 Re8 17. Nxc7 Rxe7 18. Nxa8 Qxf3 19. Rg1 Qxe4 20. O-O-O Bf5 21. Nc3
Qxc4 22. Qf2 Nc5 23. Qd2 Nd3+ 24. Kb1 Nf2+ 25. Ka1 Nxd1 26. Rxd1 Re8 27. Qg2
Rxa8 28. h5 g5 29. a3 b5 30. Rc1 b4 31. Na2 Qb5 32. Nxb4 e4 33. Nc6 Re8 34. Qd2
e3 35. Qb4 Qxb4 36. Nxb4 e2 37. Re1 f3 38. Ka2 f2 39. Rc1 e1=Q 40. Rc7 f1=Q 41.
Kb3 Qxb4+ 42. axb4 Qd1+ 43. Ka3 Qa1+ 44. Kb3 Qa2+ 45. Kxa2 Re2 46. Kb3 Rxb2+ 47.
Ka4 Rd2 48. Kb5 Rxd5+ 49. Ka6 Bd4 50. Re7 Bb6 51. Re8+ Kf7 52. Rh8 g4 53. Rb8 g3
54. Rb7+ Kf6 55. Rb8 g2 56. Rg8 Bd3+ 57. Kb7 Rg5 58. Rf8+ Ke7 59. Rh8 g1=Q 60.
Rxh6 Qg2+ 61. Kb8 Rg7 62. b5 Bxb5 63. Rh8 Ba6 64. h6 Qb7# {White checkmated} 0-1

[Event "Team 45 45 League T51"]
[Site "Internet Chess Club"]
[Date "2011.11.21"]
[Round "2"]
[White "medsurg"]
[Black "MateIn42"]
[Result "1-0"]
[WhiteElo "1360"]
[BlackElo "1345"]
[Opening "QGD: 4.Nf3"]
[ECO "D37"]
[Time "20:00:15"]
[TimeControl "2700+45"]

1. d4 Nf6 2. c4 e6 3. Nc3 d5 4. Nf3 Nc6 5. e3 b6 6. Be2 dxc4 7. Bxc4 Bb7 8. Qc2
Be7 9. O-O O-O 10. a3 Rc8 11. Qe2 Na5 12. Ba2 c5 13. dxc5 Rxc5 14. Rd1 Qa8 15.
Bd2 Bxf3 16. gxf3 Rg5+ 17. Kh1 Ng4 18. e4 Nxf2+ 19. Qxf2 Bc5 20. Be3 Rc8 21.
Rac1 Rh5 22. Ne2 Bxe3 23. Rxc8+ Qxc8 24. Qxe3 Qc7 25. Qf4 Qc8 26. Qd6 Nb7 27.
Qd7 Qb8 28. f4 g5 29. Bxe6 fxe6 30. Qxe6+ Kf8 31. Rd7 Nd8 32. Qe7+ {Black
resigns} 1-0

[Event "Team 45 45 League T51"]
[Site "Internet Chess Club"]
[Date "2011.11.23"]
[Round "2"]
[White "houseofcook"]
[Black "tamky70"]
[Result "1-0"]
[WhiteElo "1453"]
[BlackElo "1301"]
[Opening "Scandinavian: Pytel-Wade variation"]
[ECO "B01"]
[Time "14:00:26"]
[TimeControl "2700+45"]

1. e4 d5 2. exd5 Qxd5 3. Nc3 Qd6 4. d4 Nf6 5. Nf3 c6 6. Be2 Bf5 7. O-O e6 8. Ne5
Nbd7 9. Bf4 Nxe5 10. Bxe5 Qe7 11. Bd3 Bg6 12. Qf3 Bxd3 13. Qxd3 O-O-O 14. h3 Qd7
15. Qc4 Nd5 16. Qa4 b6 17. Qa6+ Qb7 18. Qe2 f6 19. Bg3 Qd7 20. a4 a5 21. Rfe1
Bd6 22. Nxd5 exd5 23. Bxd6 Qxd6 24. Qa6+ Kd7 25. Qb7+ Qc7 26. Re7+ Kxe7 27.
Qxc7+ Kf8 28. Qxd8+ {Black resigns} 1-0

[Event "Team 45 45 League T51"]
[Site "Internet Chess Club"]
[Date "2011.11.20"]
[Round "2"]
[White "theartist"]
[Black "dabodhi"]
[Result "1-0"]
[WhiteElo "1220"]
[BlackElo "1214"]
[Opening "QGD Slav: Dutch variation"]
[ECO "D18"]
[Time "14:31:31"]
[TimeControl "2700+45"]

1. d4 d5 2. c4 c6 3. Nc3 Nf6 4. Nf3 dxc4 5. a4 Bf5 6. e3 e6 7. Bxc4 Bb4 8. O-O
Nbd7 9. Bd3 O-O 10. Bxf5 exf5 11. Qc2 Ne4 12. Nxe4 fxe4 13. Qxe4 Nf6 14. Qd3 Qd5
15. Bd2 a5 16. Bxb4 axb4 17. Nd2 Rfe8 18. Qc4 Qh5 19. Qxb4 Rab8 20. Rfe1 Qh4 21.
Nf3 Qh5 22. Qc5 Qg6 23. Qg5 Qc2 24. b4 Ne4 25. Qh4 Re6 26. Ng5 Nxg5 27. Qxg5 Rf6
28. Qg3 Re8 29. f4 Rg6 30. Qf3 Qc3 31. b5 Rge6 32. bxc6 bxc6 33. Kf2 Qb2+ 34.
Qe2 Qc3 35. Rac1 Qa3 36. Rc4 Qe7 37. Rc5 Qh4+ 38. Kf3 Qxh2 39. g3 Qh6 40. e4 f5
41. Rxf5 Rf8 42. Rxf8+ Kxf8 43. Qc4 Qh5+ 44. Kg2 Rg6 45. Re3 Rh6 46. Qc5+ Kf7
47. Qxh5+ Rxh5 48. e5 Ke6 49. Ra3 Kd5 50. a5 Rf5 51. a6 Rf8 52. Ra4 g6 53. Kf3
h5 54. a7 Ra8 55. Ke3 c5 56. dxc5 Kxc5 57. Ke4 Kc6 58. Ra6+ Kd7 59. Rxg6 Rxa7
60. Rg7+ {Black resigns} 1-0

[Event "Team 45 45 League T51"]
[Site "Internet Chess Club"]
[Date "2011.11.19"]
[Round "2"]
[White "bhandelman"]
[Black "mchess"]
[Result "1/2-1/2"]
[WhiteElo "1125"]
[BlackElo "1313"]
[Opening "Pirc: classical (two knights) system"]
[ECO "B08"]
[Time "10:06:28"]
[TimeControl "2700+45"]

1. e4 d6 2. d4 Nf6 3. Nc3 g6 4. Nf3 Bg7 5. Bd3 O-O 6. O-O Nbd7 7. Bf4 Nh5 8. Bg5
h6 9. Be3 e5 10. d5 b6 11. Qd2 Kh7 12. b4 f5 13. exf5 gxf5 14. Nh4 Qxh4 15. f3
Qxb4 16. g4 Nf4 17. Bxf5+ Kh8 18. Rab1 Ne2+ 19. Nxe2 Qxd2 20. Bxd2 Nc5 21. Bg6
Ba6 22. Rf2 Rf6 23. Bf5 Raf8 24. Ng3 Bc4 25. f4 exf4 26. Bxf4 Bxd5 27. Nh5 R6f7
28. Nxg7 Kxg7 29. a3 Ne4 30. Rff1 Bc4 31. Rfe1 Bd5 {Game drawn by mutual
agreement} 1/2-1/2

[Event "Team 45 45 League T51"]
[Site "Internet Chess Club"]
[Date "2011.11.19"]
[Round "2"]
[White "bishop10186"]
[Black "Just-Jim"]
[Result "1/2-1/2"]
[WhiteElo "1239"]
[BlackElo "1303"]
[Opening "QGD Slav: 3.Nf3"]
[ECO "D11"]
[Time "14:00:37"]
[TimeControl "2700+45"]

1. d4 d5 2. c4 c6 3. Nf3 Bg4 4. Nc3 Bxf3 5. exf3 Nf6 6. Bg5 Nbd7 7. Be2 a6 8.
O-O Qc7 9. Qd2 e6 10. a3 Bd6 11. g3 Nh5 12. Rfe1 h6 13. Be3 O-O-O 14. f4 Nhf6
15. Rac1 c5 16. cxd5 Nxd5 17. Nxd5 exd5 18. Bg4 Kb8 19. Bf3 Qb6 20. Bxd5 cxd4
21. Bxd4 Bc5 22. Be3 Qd6 23. b4 Bxe3 24. fxe3 Nf6 25. Red1 Qxd5 26. Qc2 Qc6 27.
Qe2 Rxd1+ 28. Qxd1 Qd7 29. Qe2 Re8 30. Rd1 Qe6 31. Rd3 Ng4 32. Kg2 Nxe3+ 33. Kf3
Qg4+ 34. Kf2 Qxe2+ 35. Kxe2 Ng4+ 36. Kd2 Nxh2 37. Rd7 Rf8 38. Kd3 Kc8 39. Re7
Ng4 40. Kd4 Rd8+ 41. Kc5 Nf6 42. Rxf7 Ne4+ 43. Kb6 Nxg3 44. Rc7+ Kb8 45. Rxb7+
Kc8 46. Rc7+ Kb8 47. Rb7+ Ka8 48. Ra7+ Kb8 49. Rb7+ {Game drawn by repetition}
1/2-1/2

[Event "Team 45 45 League T51"]
[Site "Internet Chess Club"]
[Date "2011.11.18"]
[Round "2"]
[White "guyd52"]
[Black "tc622"]
[Result "1-0"]
[WhiteElo "1287"]
[BlackElo "1225"]
[Opening "Réti opening"]
[ECO "A05"]
[Time "17:00:05"]
[TimeControl "2700+45"]

1. Nf3 Nf6 2. g3 d5 3. Bg2 c6 4. d3 Bg4 5. O-O Nbd7 6. Nbd2 e5 7. c3 Bd6 8. e4
dxe4 9. Nxe4 Nxe4 10. dxe4 Nf6 11. Bg5 O-O 12. Qa4 h6 13. Be3 b5 14. Qc2 Qd7 15.
Nd2 Bh3 16. a3 Bxg2 17. Kxg2 Ng4 18. Rfe1 f5 19. f3 Nxe3+ 20. Rxe3 Bc5 21. Rd3
Qf7 22. b4 fxe4 23. Nxe4 Bb6 24. Rf1 Rad8 25. Rd6 Rxd6 26. Nxd6 Qd5 27. Ne4 g5
28. Qd2 a5 29. Rd1 Qf7 30. Qe2 axb4 31. axb4 Ra8 32. Rd2 Qf5 33. Rd6 Qf7 34.
Rxc6 Ra2 35. Nd2 g4 36. Rc8+ Kg7 37. Qxe5+ Qf6 38. Qxf6+ Kxf6 39. Rc6+ Ke5
{Black resigns} 1-0

[Event "Team 45 45 League T51"]
[Site "Internet Chess Club"]
[Date "2011.11.17"]
[Round "2"]
[White "Iowa-Archer"]
[Black "wekabird"]
[Result "1-0"]
[WhiteElo "1139"]
[BlackElo "986"]
[Opening "QGD semi-Slav"]
[ECO "D43"]
[Time "21:30:44"]
[TimeControl "2700+45"]

1. d4 d5 2. c4 c6 3. Nc3 e6 4. Nf3 Nf6 5. Bg5 Be7 6. e3 O-O 7. Bd3 b6 8. O-O
dxc4 9. Bxc4 Ba6 10. b3 Bxc4 11. bxc4 Nbd7 12. Qb3 c5 13. Rad1 Qc7 14. Bf4 Bd6
15. Nb5 Qc6 16. Bxd6 Rfd8 17. Be7 Re8 18. Bxf6 Nxf6 19. Ne5 Qb7 20. Nd6 Qa6 21.
Nxe8 Rxe8 22. dxc5 bxc5 23. Rd3 Qb6 24. Qxb6 axb6 25. Rfd1 h6 26. Rd8 Rxd8 27.
Rxd8+ Kh7 28. Rb8 Ne4 29. Rxb6 f6 30. Nf7 Kg6 31. Nd6 Ng5 32. a4 e5 33. a5 Ne6
34. a6 Nc7 35. a7 h5 36. Rb7 Na8 37. Ne4 f5 38. Nxc5 f4 39. e4 h4 40. Nd3 Kf6
41. c5 g5 42. c6 g4 43. c7 {Black resigns} 1-0

[Event "Team 45 45 League T51"]
[Site "Internet Chess Club"]
[Date "2011.11.20"]
[Round "2"]
[White "WilmaP"]
[Black "nlobo"]
[Result "1-0"]
[WhiteElo "1148"]
[BlackElo "1123"]
[Opening "Ruy Lopez: Berlin defense, Beverwijk variation"]
[ECO "C64"]
[Time "08:00:50"]
[TimeControl "2700+45"]

1. e4 e5 2. Nf3 Nc6 3. Bb5 Bc5 4. O-O Nf6 5. d3 O-O 6. c3 a6 7. Ba4 b5 8. Bc2 d5
9. Nbd2 dxe4 10. dxe4 Bg4 11. h3 Bxf3 12. Nxf3 Qxd1 13. Rxd1 b4 14. c4 Nd4 15.
Nxd4 exd4 16. e5 Nh5 17. Be4 Rad8 18. Bg5 Rb8 19. Bf3 h6 20. Bd2 g6 21. Bxh5
gxh5 22. Bxh6 Rfe8 23. Re1 Re6 24. Bf4 f6 25. Rad1 fxe5 26. Rxe5 Rf6 27. Rg5+
Kf7 28. Bxc7 d3 29. Rxc5 Re8 30. Rxd3 Re1+ 31. Kh2 Re7 32. Bd8 Rxf2 33. Bxe7
Kxe7 34. Re5+ Kf6 35. Rxh5 Rxb2 36. Rd6+ Ke7 37. Rxa6 Rc2 38. Rh7+ {Black
resigns} 1-0

[Event "Team 45 45 League T51"]
[Site "Internet Chess Club"]
[Date "2011.11.19"]
[Round "2"]
[White "IceBox"]
[Black "zap2"]
[Result "0-1"]
[WhiteElo "1770"]
[BlackElo "1829"]
[Opening "Nimzo-Indian: classical variation"]
[ECO "E32"]
[Time "09:31:16"]
[TimeControl "2700+45"]

1. d4 Nf6 2. c4 e6 3. Nc3 Bb4 4. Qc2 O-O 5. a3 Bxc3+ 6. Qxc3 b6 7. Bg5 Bb7 8. f3
d6 9. e4 c5 10. Bd3 Nbd7 11. Ne2 Re8 12. O-O Rc8 13. d5 exd5 14. cxd5 Nxd5 15.
Bxd8 Nxc3 16. Bxb6 Nxe2+ 17. Bxe2 axb6 18. Bb5 {White resigns} 0-1

[Event "Team 45 45 League T51"]
[Site "Internet Chess Club"]
[Date "2011.11.19"]
[Round "2"]
[White "Kheeljoi"]
[Black "calily"]
[Result "1-0"]
[WhiteElo "1779"]
[BlackElo "1684"]
[Opening "Caro-Kann: exchange variation"]
[ECO "B13"]
[Time "00:24:55"]
[TimeControl "2700+45"]

1. e4 c6 2. d4 d5 3. exd5 cxd5 4. Nf3 Nf6 5. Bd3 Nc6 6. O-O e6 7. Bg5 Be7 8.
Nbd2 O-O 9. c3 Qc7 10. Qc2 h6 11. Bh4 Bd7 12. Bg3 Bd6 13. Rae1 Nh5 14. Bxd6 Qxd6
15. Nb3 b6 16. g3 Rac8 17. Qe2 Rfe8 18. Ne5 Nf6 19. f4 Qe7 20. Nd2 Rc7 21. Ndf3
Nd8 22. h3 Nb7 23. Nxd7 Nxd7 24. g4 Nf6 25. g5 hxg5 26. fxg5 Nh5 27. Qg2 Nf4 28.
Qd2 Qd6 29. Ne5 Nxd3 30. Qxd3 g6 31. Nxg6 fxg6 32. Qxg6+ Rg7 33. Qxe8+ Kh7 34.
Rf8 Qg3+ 35. Kf1 Qxh3+ 36. Ke2 Qg4+ 37. Kd3 Nc5+ 38. dxc5 Qg3+ 39. Re3 {Black
resigns} 1-0

[Event "Team 45 45 League T51"]
[Site "Internet Chess Club"]
[Date "2011.11.20"]
[Round "2"]
[White "Juan73"]
[Black "mongmong"]
[Result "1-0"]
[WhiteElo "1772"]
[BlackElo "1573"]
[Opening "French: exchange, Svenonius variation"]
[ECO "C01"]
[Time "20:07:43"]
[TimeControl "2700+45"]

1. e4 e6 2. d4 d5 3. exd5 exd5 4. Nc3 Nf6 5. Bg5 Bb4 6. Qf3 Nbd7 7. a3 Be7 8.
O-O-O O-O 9. h4 Nb6 10. Bd3 Bg4 11. Qf4 Bxd1 12. Kxd1 Nh5 13. Qf5 g6 14. Qg4 Nc4
15. Bxc4 dxc4 16. Nf3 f6 17. Bh6 Re8 18. Qe6+ Kh8 19. g4 Bf8 20. Qxc4 Bxh6 21.
gxh5 c6 22. hxg6 hxg6 23. Qf7 Rg8 24. Ne4 Rg7 25. Qc4 Qd5 26. Qxd5 cxd5 27. Nc5
b6 28. Nd3 Re8 29. c3 Rge7 30. Nh2 Re2 31. Ng4 Kg7 32. Ne3 R2xe3 33. fxe3 Rxe3
34. Nb4 Rg3 35. Rh2 Bf4 36. Re2 Rh3 37. Nxd5 Rxh4 38. Re7+ Kh6 39. Nxf6 Kg5 40.
Nd5 Rh1+ 41. Kc2 Rh2+ 42. Kb3 Bc1 43. Rxa7 Rxb2+ 44. Kc4 b5+ 45. Kd3 Rb3 46. Kc2
Rxa3 47. Rxa3 Bxa3 48. Kb3 Bd6 49. Kc2 Kf5 50. Kd3 g5 51. Ne3+ Kf4 52. Nd5+ Kf3
53. Nf6 Kf4 54. Ne4 g4 55. Nxd6 g3 56. Ke2 g2 57. Kf2 g1=Q+ 58. Kxg1 Ke3 59.
Nxb5 {Black resigns} 1-0

[Event "Team 45 45 League T51"]
[Site "Internet Chess Club"]
[Date "2011.11.20"]
[Round "2"]
[White "seattleblues"]
[Black "PANAMA-REY"]
[Result "1-0"]
[WhiteElo "1531"]
[BlackElo "1365"]
[Opening "Philidor's defense"]
[ECO "C41"]
[Time "20:02:56"]
[TimeControl "2700+45"]

1. e4 e5 2. Nf3 d6 3. Bc4 Be7 4. O-O Nf6 5. Nc3 O-O 6. d4 exd4 7. Nxd4 Nbd7 8.
Nf5 Ne5 9. Nxe7+ Qxe7 10. Bb3 Bg4 11. f3 Be6 12. Nd5 Nxd5 13. exd5 Bd7 14. Re1
Qh4 15. Re4 Qh5 16. Bf4 f5 17. Re1 Rae8 18. Bxe5 Rxe5 19. Rxe5 dxe5 20. d6+ Kh8
21. dxc7 Bc6 22. Qd8 Rxd8 23. cxd8=Q+ Be8 24. Rd1 Qg6 25. Rd7 Qb6+ 26. Kh1 h6
27. Qxe8+ Kh7 28. Qg8+ Kg6 29. Rxg7+ Kh5 30. Qf7+ Kh4 31. g3+ {Black resigns}
1-0

[Event "Team 45 45 League T51"]
[Site "Internet Chess Club"]
[Date "2011.11.17"]
[Round "2"]
[White "cBishop"]
[Black "celebrat"]
[Result "1/2-1/2"]
[WhiteElo "1708"]
[BlackElo "1536"]
[Opening "French defense"]
[ECO "C00"]
[Time "11:00:06"]
[TimeControl "2700+45"]

1. e4 e6 2. Nc3 d5 3. d3 Nf6 4. Bg5 Be7 5. Nf3 O-O 6. Be2 d4 7. Nb5 Bb4+ 8. c3
dxc3 9. bxc3 Be7 10. Bf4 Na6 11. O-O c6 12. Nbd4 Bd7 13. Ne5 c5 14. Ndf3 Rc8 15.
Rb1 b6 16. Nxd7 Qxd7 17. Ne5 Qd8 18. Qa4 Nb8 19. Qxa7 Nc6 20. Qxb6 Qxb6 21. Rxb6
Nxe5 22. Bxe5 Nd7 23. Rb7 Nxe5 24. Rxe7 Rfd8 25. Rd1 Ra8 26. f4 Rxa2 27. Bh5 Ng6
28. Bxg6 hxg6 29. Rc7 Rb8 30. Rxc5 f6 31. Kh1 Rd2 32. Rg1 Rxd3 33. h3 Rb3 34.
Rc1 Rd2 35. c4 Rbb2 36. Rc8+ Kh7 37. Ra1 Rxg2 38. Raa8 Rh2+ 39. Kg1 Rhg2+ {Game
drawn by mutual agreement} 1/2-1/2